 Dungeon Crawl Stone Soup version 0.31.0-12-g77e489cdc1 (webtiles) character file.

Game seed: 5996280034096940702

2270 Galea the Fighter (level 9, -1/74 (75) HPs)
             Began as a Demonspawn Monk on Feb 13, 2024.
             Was a Priest of Makhleb.
             Killed by divine providence
             ... invoked by an orc priest
              (12 damage)
             ... on level 7 of the Dungeon.
             The game lasted 00:11:35 (5960 turns).

Galea the Fighter (Demonspawn Monk)                 Turns: 5960, Time: 00:11:35

HP:   -1/74 (75)    AC: 12    Str:  9    XL:     9   Next: 16%
MP:   13/13         EV: 15    Int: 14    God:    Makhleb [***...]
Gold: 248           SH:  0    Dex: 16    Spells: 8/8 levels left

rFire   . . .        A - +2 flail (drain)
rCold   . . .        d - orb {light}
rNeg    . . .        f - +0 leather armour
rPois   +            t - +1 helmet of Awuhupn {Harm rElec Str-3 Slay+3}
rElec   +            h - +0 cloak
rCorr   .            k - +0 pair of gloves
SInv    .            y - +0 pair of boots
Will    +....        (no amulet)
Stlth   +            T - +4 ring of protection
HPRegen 0.32/turn    n - ring of Amied {rPois Will+ Stlth+}
MPRegen 0.13/turn

%: harm (+30% outgoing, +20% incoming)
@: glowing, lightly drained
A: repulsion field 1, demonic guardian 1, demonic touch 1
a: Renounce Religion, Minor Destruction, Lesser Servant of Makhleb


You were on level 7 of the Dungeon.
You worshipped Makhleb.
Makhleb was most pleased with you.
You visited 2 branches of the dungeon, and saw 8 of its levels.
You also visited: Sewer.

You collected 248 gold pieces.


Innate Abilities, Weirdness & Mutations

You are surrounded by a mild repulsion field. (EV +2)
A weak demonic guardian rushes to your aid.
Your touch may inflict minor irresistible damage on your foes.


   Skills:
 + Level 8.7 Fighting
 - Level 6.0 Maces & Flails
 - Level 2.6 Polearms
 - Level 4.0 Dodging
 - Level 2.0 Stealth
 - Level 6.0 Invocations


You had 8 spell levels left.
You didn't know any spells.
Your spell library was empty.

Inventory:

Hand Weapons
 A - a +2 flail of draining (weapon)
Missiles
 E - 2 curare-tipped darts {=f}
 G - a throwing net {=f}
Armour
 d - an orb of light (worn)
 f - a +0 leather armour (worn)
 h - a +0 cloak (worn)
 k - a +0 pair of gloves (worn)
 t - the +1 helmet of Awuhupn (worn) {Harm rElec Str-3 Slay+3}
   (You found it on level 2 of the Dungeon)

   Str-3:     It affects your strength (-3).
   Slay+3:    It affects your accuracy & damage with ranged weapons and melee
   (+3).
   rElec:     It insulates you from electricity.
   Harm:      It increases damage dealt and taken.
 y - a +0 pair of boots (worn)
Jewellery
 n - the ring of Amied (right hand) {rPois Will+ Stlth+}
   (You found it on level 4 of the Dungeon)

   [ring of poison resistance]

   rPois:     It protects you from poison Will+: It increases your willpower.
   Stlth+:    It makes you more stealthy.
 D - a +6 ring of dexterity
 F - a ring of fire
 L - a ring of flight
 T - a +4 ring of protection (left hand)
Wands
 u - a wand of digging (7)
 B - a wand of quicksilver (11)
Scrolls
 b - a scroll of fear {unknown}
 g - 4 scrolls of enchant armour {unknown}
 i - 3 scrolls of teleportation {@r2}
 j - a scroll of amnesia {unknown}
 l - 2 scrolls of summoning {unknown}
 q - 3 scrolls of noise {unknown}
 r - a scroll of enchant weapon {unknown}
 v - 2 scrolls of poison {unknown}
 x - a scroll of fog {unknown}
 z - a scroll of vulnerability {unknown}
Potions
 a - a potion of heal wounds {unknown}
 c - 3 potions of ambrosia
 e - 2 potions of mutation
 m - 3 potions of enlightenment
 o - 3 potions of attraction
 p - 2 potions of magic
 s - a potion of invisibility {unknown}
 w - a potion of curing {@q1}
 C - a potion of brilliance {unknown}

Dungeon Overview and Level Annotations

Branches:
Dungeon (7/15)             Temple (1/1) D:4           Sewer (visited)

Altars:
Ashenzari
Cheibriados
Dithmenos
Fedhas
Gozag
Hepliaklqana
Kikubaaqudgha
Makhleb
Nemelex Xobeh
Okawaru
Qazlal
Ru
Sif Muna
Trog
Uskayaw
Vehumet
Wu Jian
Yredelemnul

Annotations:
D:7 Menkaure

. #### .. ...# ######..
...##### #@#..' ..
...#...# #######o#.##....
...+...+.........5......>
...#zz..........O.###.##'
...#z# ≈≈≈≈≈≈≈≈o###....
.....# ......M≈o...o...
........≈.≈≈≈≈≈.≈.###.##.
######..≈.≈⚑..≈.≈...#
..≈.≈≈≈.≈.≈.#.#


You could see an orc warrior, an ogre, Menkaure (fast), an orc priest, an orc
wizard (ally target) and a friendly ufetubus (summoned).


Message History

Makhleb accepts your kill.
Unknown command.
You sock the wight!
The wight is almost destroyed.
Your surroundings suddenly seem different.
Menkaure and an ogre come into view.
Found 17 gold pieces.
Found an ancient bone altar of Kikubaaqudgha.
Menkaure shouts!
You hear a shout!
Found a scroll labelled GIEVAI HIRPHIYCH.
Found a stone staircase leading up.
An orc warrior and an orc wizard come into view.
The orc wizard shouts!
The orc wizard points at you and mumbles some strange words.
The magic dart hits you but does no damage.
An orc priest comes into view. It is wielding a +0 trident.
Menkaure casts a spell.
Menkaure seems to speed up.
Found a stone staircase leading down.
Menkaure points at you and mumbles some strange words.
You easily resist.
Menkaure calls on the powers of darkness!
The orc priest convulses!
The orc warrior convulses!
The ogre convulses!
The orc wizard convulses!
Your body is wracked with pain!
* * * LOW HITPOINT WARNING * * *
A demonic guardian appears!
There is a stone staircase leading up here.
The orc priest invokes the aid of Beogh against you.
Beogh smites you!
You die...

Skill      XL: |  1  2  3  4  5  6  7  8 |
---------------+-------------------------+-----
Fighting       | 4 5 8 |  8.7
Stealth        | 1 2 |  2.0
Dodging        | 3 4 |  4.0
Maces & Flails | 2 4 5 6 |  6.0
Invocations    | 4 6 |  6.0
Polearms       | |  2.6

Action                     |  1- 3 |  4- 6 |  7- 9 || total
---------------------------+-------+-------+-------++-------
  Melee: Spear             |    90 |    53 |       ||   143
         Dagger            |    27 |       |       ||    27
         Flail             |       |    51 |   235 ||   286
    Use: Scroll            |       |       |     8 ||     8
 Armour: Leather armour    |    39 |    37 |   129 ||   205
  Dodge: Dodged            |    51 |    53 |   201 ||   305

Levels and vault maps discovered:
D:1:      arrival_zaba_pyramid, layout_rooms
D:2:      layout_loops_ring
D:3:      layout_basic
D:4:      minmay_door_path, layout_cave_pools, minmay_temple_entry_mist,
          uniq_sigmund, uniq_natasha, uniq_edmund
D:5:      layout_loops_corners, uniq_blork_the_orc
D:6:      layout_basic, cheibrodos_sewer_entry_drain
D:7:      layout_basic, mainiacjoe_overflow_catwalk_spiral,
          nicolae_overflow_hidden_temple, uniq_menkaure
Temple:   hellmonk_temple_of_storms

Notes
Turn   | Place    | Note
-------+----------+-------------------------------------------
     0 | D:1      | Galea the Demonspawn Monk began the quest for the Orb.
     0 | D:1      | Reached XP level 1. HP: 18/18 MP: 1/1
   169 | D:1      | Gained mutation: Your touch may inflict minor irresistible
                  | damage on your foes. [demonic ancestry]
   169 | D:1      | Reached XP level 2. HP: 24/24 MP: 2/2
   361 | D:1      | Reached skill level 4 in Fighting
   572 | D:1      | Reached skill level 1 in Stealth
   572 | D:1      | Gained mutation: You are surrounded by a mild repulsion
                  | field. (EV +2) [demonic ancestry]
   572 | D:1      | Reached XP level 3. HP: 30/30 MP: 3/3
   813 | D:2      | Reached skill level 2 in Stealth
   980 | D:2      | Identified the +1 helmet of Awuhupn {Harm rElec Str-3
                  | Slay+3}
  1476 | D:3      | Reached XP level 4. HP: 38/38 MP: 4/4
  1925 | D:3      | Reached skill level 5 in Fighting
  1931 | D:3      | Reached skill level 3 in Dodging
  2350 | D:4      | You fall into a shaft and drop 1 floor!
  2350 | D:5      | Entered Level 5 of the Dungeon
  2374 | D:5      | Reached XP level 5. HP: 44/44 MP: 5/5
  2426 | D:5      | Reached skill level 1 in Maces & Flails
  2566 | D:4      | Noticed Natasha
  2572 | D:4      | Killed Natasha
  2634 | D:4      | Noticed Natasha
  2636 | D:4      | Noticed Edmund
  2644 | D:4      | Killed Natasha
  2645 | D:4      | Reached skill level 2 in Maces & Flails
  2645 | D:4      | Reached XP level 6. HP: 51/51 MP: 6/6
  2653 | D:4      | Killed Edmund
  2654 | D:4      | Reached skill level 3 in Maces & Flails
  2654 | D:4      | Reached skill level 4 in Dodging
  2777 | D:4      | Noticed Sigmund
  2784 | D:4      | Killed Sigmund
  2785 | D:4      | Reached skill level 4 in Maces & Flails
  2785 | D:4      | Gained mutation: A weak demonic guardian rushes to your
                  | aid. [demonic ancestry]
  2785 | D:4      | Reached XP level 7. HP: 52/56 MP: 7/7
  2822 | D:4      | Identified the ring of Amied {rPois Will+ Stlth+}
  2829 | D:4      | Found a staircase to the Ecumenical Temple.
  2840 | Temple   | Entered the Ecumenical Temple
  2860 | Temple   | Became a worshipper of Makhleb the Destroyer
  2860 | Temple   | Reached * piety under Makhleb
  2860 | Temple   | Reached ** piety under Makhleb
  3018 | D:4      | Noticed Natasha
  3022 | D:4      | Killed Natasha
  3023 | D:4      | Reached skill level 5 in Maces & Flails
  3023 | D:4      | Reached skill level 1 in Invocations
  3331 | D:5      | Noticed Blork the orc
  3376 | D:5      | Killed Blork the orc
  3377 | D:5      | Reached skill level 2 in Invocations
  3640 | D:5      | Reached skill level 3 in Invocations
  4250 | D:6      | Reached skill level 4 in Invocations
  4250 | D:6      | Reached XP level 8. HP: 58/62 MP: 9/11
  4295 | D:6      | Found a glowing drain.
  4325 | Sewer    | Entered a sewer
  4665 | Sewer    | Reached skill level 6 in Maces & Flails
  4665 | Sewer    | Reached skill level 5 in Invocations
  4989 | Sewer    | Reached skill level 6 in Fighting
  4992 | Sewer    | Reached *** piety under Makhleb
  5013 | Sewer    | Reached skill level 6 in Invocations
  5341 | D:6      | Reached skill level 7 in Fighting
  5454 | D:6      | Reached skill level 8 in Fighting
  5458 | D:6      | Reached XP level 9. HP: 51/74 MP: 13/13
  5946 | D:7      | Found an ornate altar of the Wu Jian Council.
  5949 | D:7      | Found an ancient bone altar of Kikubaaqudgha.
  5949 | D:7      | Noticed Menkaure
  5960 | D:7      | Killed from afar by an orc priest

Vanquished Creatures
  Sigmund (D:4)
  Edmund (D:4)
  A water moccasin (D:6)
  2 ice beasts (D:7)
  2 black bears (D:6)
  A centaur (D:6)
  A phantom (D:4)
  6 kobold brigands (Sewer)
  A gnoll sergeant (D:6)
  Blork the orc (D:5)
  A wight (D:7)
  3 hounds
  4 orc priests
  2 sleepcaps
  An iguana (D:5)
  Natasha (thrice) (D:4)
  2 orc wizards
  9 gnolls (D:6)
  13 adders
  4 river rats (Sewer)
  2 white imps (D:5)
  4 dart slugs
  6 ribbon worms
  16 orcs
  A bat (D:3)
  8 endoplasms
  2 giant cockroaches (D:1)
  5 goblins
  5 hobgoblins
  A quokka (D:1)
  15 ball pythons
  3 frilled lizards
  16 kobolds
  8 rats
151 creatures vanquished.

Table legend: (Time is in decaauts)
 A = Elapsed time spent in this place.
 B = Non-inter-level travel time spent in this place.
 C = Inter-level travel time spent in this place.
 D = Time resting spent in this place.
 E = Time spent auto-exploring this place.
 F = Levels seen in this place.
 G = Mean time per level.
                   A        B        C        D        E       F      G
               +--------+--------+--------+--------+--------+-----+--------+
         Total |   6161 |   5966 |    195 |    185 |   4585 |   9 |  684.6 |
       Dungeon |   5142 |   4965 |    177 |    185 |   3841 |   7 |  734.6 |
        Temple |     38 |     21 |     17 |      0 |      0 |   1 |   38.0 |
         Sewer |    980 |    980 |      0 |      0 |    743 |   1 |  980.0 |
               +--------+--------+--------+--------+--------+-----+--------+

Top non-repeatable levels by time:
     D:3: 1068 daAuts
     D:5: 1040 daAuts
   Sewer: 980 daAuts
     D:4: 862 daAuts
     D:6: 797 daAuts
     D:2: 666 daAuts
     D:1: 585 daAuts
     D:7: 121 daAuts
  Temple: 38 daAuts

Table legend:
 A = Non-vault XP
 B = Vault XP
 C = Vault XP percentage of total XP
 D = Non-vault monster count
 E = Vault monster count
 F = Vault count percentage of total count
                 A         B        C        D         E       F
            +---------+---------+-------+---------+---------+-------
      Total |    2023 |    1220 |  37.6 |     114 |      37 |  24.5
            +---------+---------+-------+---------+---------+-------
        D:1 |      41 |       0 |   0.0 |      24 |       0 |   0.0
        D:2 |      46 |       0 |   0.0 |       9 |       0 |   0.0
        D:3 |     107 |       0 |   0.0 |      24 |       0 |   0.0
        D:4 |     292 |     424 |  59.2 |      17 |       5 |  22.7
        D:5 |     334 |      91 |  21.4 |      16 |       1 |   5.9
        D:6 |     785 |       9 |   1.1 |      17 |       3 |  15.0
        D:7 |     418 |       0 |   0.0 |       7 |       0 |   0.0
      Sewer |       0 |     696 | 100.0 |       0 |      28 | 100.0
            +---------+---------+-------+---------+---------+-------
